 Dungeon Crawl Stone Soup version 0.29-a0-1019-g84f7d21838 (webtiles) character file.

Game seed: 17635542857602624074

9290 leavemydog the Thaumaturge (level 11, -2/54 HPs)
             Began as a Deep Elf Conjurer on Aug 10, 2022.
             Was a Priest of Vehumet.
             Slain by a two-headed ogre
             ... wielding a +0 dire flail
              (14 damage)
             ... on level 11 of the Dungeon.
             The game lasted 00:21:04 (16380 turns).

leavemydog the Thaumaturge (Deep Elf Conjurer)     Turns: 16380, Time: 00:21:06

Health: -2/54      AC:  6    Str:  4    XL:     11   Next: 21%
Magic:  8/31       EV: 12    Int: 28    God:    Vehumet [***...]
Gold:   437        SH:  5    Dex: 13    Spells: 11/38 levels left

rFire   + + .      SeeInvis .   E - +3 hammer (holy)
rCold   + . .      Faith    .   (no shield)
rNeg    . . .      Spirit   .   w - +1 robe {rC+ rF+}
rPois   .          Reflect  +   s - +0 hat
rElec   .          Harm     .   L - +0 cloak {rCorr}
rCorr   +          Rampage  .   H - +0 pair of gloves
Will    +....                   n - +0 pair of boots
Stlth   ++........              e - amulet of reflection
HPRegen 0.18/turn               z - ring of wizardry
MPRegen 0.22/turn               c - ring of protection from fire

@: brilliant, lethally poisoned (-2 -> -11), marked, slowed, very slow
A: mutation resistance 1
a: Renounce Religion


You were on level 11 of the Dungeon.
You worshipped Vehumet.
Vehumet was most pleased with you.
You visited 2 branches of the dungeon, and saw 12 of its levels.

You collected 632 gold pieces.
You spent 195 gold pieces at shops.

Inventory:

Hand Weapons
 E - a +3 hammer of holy wrath (weapon)
Armour
 n - a +0 pair of boots (worn)
 s - a +0 hat (worn)
 w - a +1 robe of resistance (worn)
 A - a +2 cloak
 F - a +2 robe of willpower
 H - a +0 pair of gloves (worn)
 L - a +0 cloak of preservation (worn)
Jewellery
 c - a ring of protection from fire (right hand)
 e - an amulet of reflection (around neck)
 o - an amulet of regeneration
 z - a ring of wizardry (left hand)
Wands
 k - a wand of flame (64)
 l - a wand of charming (12)
 y - a wand of mindburst (32)
Scrolls
 b - a scroll of noise {unknown}
 d - a scroll of enchant armour {unknown}
 g - 2 scrolls of brand weapon
 j - a scroll of immolation {unknown}
 m - a scroll of torment {unknown}
 p - a scroll of poison {unknown}
 q - 3 scrolls of fear
 u - 2 scrolls of teleportation {unknown}
 v - a scroll of summoning {unknown}
 x - a scroll of silence {unknown}
 B - 2 scrolls of butterflies
 D - 2 scrolls of blinking {unknown}
 I - 2 scrolls of acquirement {unknown}
Potions
 a - 2 potions of attraction {unknown}
 f - 2 potions of lignification
 h - a potion of haste {unknown}
 i - a potion of degeneration {unknown}
 r - 2 potions of brilliance
 t - a potion of might {unknown}
 C - a potion of cancellation {unknown}
 G - a potion of magic
 J - a potion of invisibility {unknown}
 K - a potion of berserk rage {unknown}


   Skills:
 - Level 2.4 Dodging
 - Level 2.4 Stealth
 + Level 14.0 Spellcasting
 + Level 12.7 Conjurations
 - Level 6.0 Hexes
 - Level 5.7 Translocations
 * Level 5.3 Earth Magic


You had 11 spell levels left.
You knew the following spells:

 Your Spells              Type           Power      Damage    Failure   Level
a - Magic Dart            Conj           100%       1d8       0%          1
b - Searing Ray           Conj           100%       2d8       0%          2
c - Iskenderun's Mystic   Conj/Tloc      82%        2d16      1%          4
d - Fulminant Prism       Conj/Hex       41%        3d20      1%          4
e - Iskenderun's Battles  Conj           94%        2d14      1%          5
f - Iron Shot             Conj/Erth      40%        9d8       1%          6
g - Poisonous Vapours     Pois/Air       58%        N/A       1%          2
h - Stone Arrow           Conj/Erth      100%       3d13      1%          3

Your spell library contained the following spells:

 Spells                   Type           Power      Damage    Failure   Level
 Sting                    Tmut/Pois      100%       1d8       1%          1
 Ensorcelled Hibernation  Hex/Ice        100%       N/A       1%          2
 Passwall                 Tmut/Erth      42%        N/A       1%          2
 Dazzling Flash           Conj/Hex       100%       N/A       1%          3
 Gell's Gravitas          Tloc           67%        N/A       1%          3
 Lesser Beckoning         Tloc           67%        N/A       1%          3
 Portal Projectile        Hex/Tloc       100%       N/A       1%          3
 Teleport Other           Tloc           67%        N/A       1%          3
 Tukima's Dance           Hex            69%        N/A       1%          3
 Cause Fear               Hex            34%        N/A       1%          4
 Swiftness                Air            29%        N/A       3%          3
 Olgreb's Toxic Radiance  Pois           29%        N/A       3%          4
 Corpse Rot               Necr/Pois/Air  29%        N/A       11%         4
 Dispel Undead            Necr           29%        3d13      11%         4
 Spellforged Servitor     Conj/Summ      35%        N/A       17%         7
 Blade Hands              Tmut           14%        N/A       28%         5
 Death Channel            Necr           14%        N/A       82%         6
 Malign Gateway           Summ/Tloc      26%        N/A       93%         7
 Dragon Form              Tmut           14%        N/A       100%        7
 Summon Horrible Things   Summ           14%        N/A       100%        8
 Dragon's Call            Summ           14%        N/A       100%        9


Dungeon Overview and Level Annotations

Branches:
Dungeon (11/15)            Temple (1/1) D:4            Lair (0/5) D:8
    Orc (0/2) D:9

Altars:
Ashenzari
Cheibriados
Dithmenos
Elyvilon
Fedhas
Gozag
Hepliaklqana
Kikubaaqudgha
Makhleb
Nemelex Xobeh
Okawaru
Qazlal
Ru
Sif Muna
Trog
Uskayaw
Vehumet
Wu Jian
Xom
Yredelemnul
Zin
The Shining One
Lugonu

Shops:
D:2 :   D:11 [[

Portals:
Abyss: D:7

Annotations:
D:6 2 transporters, viper001's ghost, novice PaFi
D:7 2 runed translucent doors
D:11 Erica


Innate Abilities, Weirdness & Mutations

You are somewhat resistant to further mutation.


Message History

Aim: a white ugly thing (severely wounded, 78% to hit)
The stone arrow hits the white ugly thing!
You kill the white ugly thing!
Vehumet accepts your kill.
You feel your power returning. The killer bee closely misses you.
The killer bee stings you. x2
Your Spellcasting skill increases to level 14!
The magic dart hits the killer bee.
You kill the killer bee!
Vehumet accepts your kill.
Erica screams, "Coming here was suicide!
For you!"
Casting: Magic Dart (safe; 0% risk of failure)
Confirm with . or Enter, or press ? or * to list all spells.
Aiming: Fulminant Prism (safe; 1% risk of failure)
Press: ? - help, Dir - move target You conjure a prism of explosive energy!
A fulminant prism comes into view.
A troll comes into view.
Erica points at you and mumbles some strange words.
You feel as though you will be slow longer.
Erica screams, "Hurry, death AWAITS you!"
Your fulminant prism crackles loudly.
Erica gestures at you while chanting. The bolt of poison hits you!!
You are poisoned.
Ouch! That really hurt!
* * * LOW HITPOINT WARNING * * *
Okay, then.
It was a potion of brilliance.
You feel clever all of a sudden.
* * * LOW HITPOINT WARNING * * *
You feel very sick.
Your fulminant prism explodes!
The blast of energy engulfs Erica!!!
Erica is severely wounded.
The blast of energy engulfs the two-headed ogre!!
The two-headed ogre is heavily wounded.
The blast of energy engulfs the troll!!
The troll is heavily wounded.
The two-headed ogre hits you with a +0 dire flail!
You die...

.⌠.......#
∩........#
⌠.....$.##
#.......# #.......+
#†......#
#...>...#+####
#.............
#...@†........
#####.@.O.#####...
..........# .
..........#
........T.#
#######...##+##
#.....#........
#.....#...........+
#.....#...........#


You could see Erica, a two-headed ogre and a troll.

Vanquished Creatures
  A hydra (D:10)
  A two-headed ogre (D:10)
  Pikel (D:5)
  An ugly thing (D:11)
  A queen bee (D:8)
  A troll (D:7)
  Grinder (D:3)
  2 wyverns
  6 yaks (D:8)
  Menkaure (D:6)
  3 water moccasins
  3 black bears
  7 orc warriors
  3 sky beasts
  An ogre (D:5)
  3 centaurs
  2 phantoms
  3 lemures (D:5)
  A kobold brigand (D:8)
  5 bullfrogs
  6 necrophages
  A gnoll sergeant (D:8)
  A scorpion (D:6)
  8 wights (D:7)
  14 killer bees
  7 howler monkeys
  3 electric eels (D:9)
  2 hounds (D:5)
  4 jellies
  Crazy Yiuf (D:6)
  4 orc priests
  Natasha (thrice) (D:2)
  3 iguanas
  11 orc wizards
  Ijyb (D:3)
  15 gnolls
  4 adders
  2 worms (D:2)
  3 dart slugs
  30 orcs
  8 ball pythons
  6 bats
  5 endoplasms
  2 giant cockroaches
  9 goblins
  9 hobgoblins
  10 jackals
  9 kobolds
  8 quokkas
  4 frilled lizards
  A rat (D:2)
241 creatures vanquished.

Vanquished Creatures (others)
  9 fulminant prisms
  35 plants
44 creatures vanquished.

Grand Total: 285 creatures vanquished

Notes
Turn   | Place    | Note
-------+----------+-------------------------------------------
     0 | D:1      | leavemydog the Deep Elf Conjurer began the quest for the
                  | Orb.
     0 | D:1      | Reached XP level 1. HP: 10/10 MP: 6/6
   142 | D:1      | Reached XP level 2. HP: 15/15 MP: 1/8
   145 | D:1      | Learned a level 2 spell: Searing Ray
   258 | D:1      | Reached skill level 5 in Conjurations
   709 | D:1      | Reached XP level 3. HP: 19/19 MP: 5/9
  2075 | D:2      | Noticed Natasha
  2078 | D:2      | Killed Natasha
  2079 | D:2      | Reached skill level 4 in Spellcasting
  2079 | D:2      | Reached XP level 4. HP: 24/24 MP: 7/12
  2084 | D:2      | Learned a level 4 spell: Iskenderun's Mystic Blast
  2272 | D:2      | Found Ranaa's Book Shoppe.
  2387 | D:2      | Found a faded altar of an unknown god.
  2448 | D:2      | Reached XP level 5. HP: 4/28 MP: 10/13
  2845 | D:2      | Noticed Natasha
  2849 | D:2      | Killed Natasha
  2850 | D:2      | Reached skill level 1 in Translocations
  2965 | D:2      | Reached skill level 5 in Spellcasting
  3136 | D:3      | HP: 1/28 [gnoll/+0 halberd (14)]
  3240 | D:2      | Noticed Natasha
  3245 | D:2      | Killed Natasha
  3434 | D:2      | Gained mutation: You are weak. (Str -2) [potion of
                  | mutation]
  3434 | D:2      | Gained mutation: You are dopey. (Int -2) [potion of
                  | mutation]
  3434 | D:2      | Gained mutation: Your magical capacity is low. (-10% MP)
                  | [potion of mutation]
  3434 | D:2      | Gained mutation: You are somewhat resistant to further
                  | mutation. [potion of mutation]
  3635 | D:3      | Noticed Ijyb
  3658 | D:3      | Killed Ijyb
  3659 | D:3      | Reached XP level 6. HP: 17/32 MP: 5/14
  3857 | D:3      | Lost mutation: You are dopey. (Int -2) [potion of mutation]
  3857 | D:3      | Lost mutation: Your magical capacity is low. (-10% MP)
                  | [potion of mutation]
  3857 | D:3      | Lost mutation: You are weak. (Str -2) [potion of mutation]
  4104 | D:3      | Noticed Grinder
  4112 | D:3      | Killed Grinder
  4113 | D:3      | Reached skill level 6 in Spellcasting
  4195 | D:3      | Learned a level 4 spell: Fulminant Prism
  4564 | D:4      | Found a shadowy altar of Dithmenos.
  4624 | D:4      | Reached XP level 7. HP: 36/36 MP: 12/18
  4850 | D:4      | Found a staircase to the Ecumenical Temple.
  4889 | D:4      | Found a sacrificial altar of Ru.
  4913 | Temple   | Entered the Ecumenical Temple
  5012 | Temple   | Became a worshipper of Vehumet
  5151 | D:4      | Found a glowing golden altar of the Shining One.
  5152 | D:4      | Found an iron altar of Okawaru.
  5520 | D:5      | Entered Level 5 of the Dungeon
  5553 | D:5      | Identified the +8 war axe "Malyemat" {speed, Will+ Int+5}
  5586 | D:5      | Noticed a yak
  5587 | D:5      | Noticed a gargoyle
  5658 | D:5      | Reached skill level 1 in Hexes
  6070 | D:5      | Reached skill level 7 in Spellcasting
  6772 | D:5      | Reached XP level 8. HP: 35/41 MP: 11/21
  7100 | D:5      | Noticed Pikel
  7115 | D:5      | Killed Pikel
  7116 | D:5      | Reached skill level 8 in Spellcasting
  7607 | D:5      | Reached skill level 9 in Spellcasting
  7677 | D:6      | Reached * piety under Vehumet
  7677 | D:6      | Offered knowledge of Sandblast by Vehumet.
  7856 | D:6      | Noticed Menkaure
  7874 | D:6      | Reached XP level 9. HP: 27/45 MP: 10/24
  7877 | D:6      | Killed Menkaure
  7878 | D:6      | Reached skill level 5 in Translocations
  8204 | D:6      | Found a runed translucent door.
  8205 | D:6      | Noticed Crazy Yiuf
  8260 | D:6      | Reached skill level 5 in Hexes
  8389 | D:6      | Found a transporter.
  8389 | D:6      | Noticed viper001's ghost (novice PaFi)
  8389 | D:6      | Identified the +11 dire flail of Rownaosu {vorpal, rF+ rC-
                  | Str+9 Int+4}
  8389 | D:6      | Noticed a two-headed ogre
  8393 | D:6      | Found a transporter.
  8627 | D:6      | Killed Crazy Yiuf
  8628 | D:6      | Reached skill level 10 in Spellcasting
  8874 | D:7      | Found a one-way gate to the infinite horrors of the Abyss.
  8874 | D:7      | Identified the +10 short sword of Youthful Indiscretion
                  | {distort, +Blink rPois rC- SInv}
  8968 | D:7      | Reached skill level 10 in Conjurations
  9557 | D:7      | Learned a level 5 spell: Iskenderun's Battlesphere
  9564 | D:7      | Learned a level 6 spell: Iron Shot
  9622 | D:7      | Noticed a troll
  9631 | D:7      | Killed a troll
  9632 | D:7      | Reached skill level 11 in Spellcasting
  9632 | D:7      | Reached skill level 1 in Earth Magic
  9976 | D:7      | Found an opulent altar of Gozag.
 10020 | D:7      | Found a large runed translucent door.
 10020 | D:7      | Found a large runed translucent door.
 10024 | D:7      | Found a corrupted altar of Lugonu.
 11029 | D:8      | Found a staircase to the Lair.
 11152 | D:8      | Reached XP level 10. HP: 16/50 MP: 13/27
 12520 | D:8      | Offered knowledge of Poisonous Vapours by Vehumet.
 12641 | D:8      | Learned a level 2 spell: Poisonous Vapours
 12656 | D:8      | Reached skill level 12 in Spellcasting
 12661 | D:8      | Reached ** piety under Vehumet
 14142 | D:9      | Reached skill level 13 in Spellcasting
 14731 | D:9      | Offered knowledge of Stone Arrow by Vehumet.
 14768 | D:9      | Learned a level 3 spell: Stone Arrow
 14987 | D:9      | Found a staircase to the Orcish Mines.
 15380 | D:10     | Entered Level 10 of the Dungeon
 15385 | D:10     | Noticed a four-headed hydra
 15390 | D:10     | Killed a four-headed hydra
 15391 | D:10     | Reached XP level 11. HP: 54/54 MP: 19/30
 15393 | D:10     | Noticed a two-headed ogre
 15397 | D:10     | Killed a two-headed ogre
 15492 | D:10     | Reached *** piety under Vehumet
 15493 | D:10     | Reached skill level 5 in Earth Magic
 15822 | D:10     | Identified the +3 shortbow of Winter {freeze, Str+5}
 16338 | D:11     | Found Tevipnit's Armour Emporium.
 16343 | D:11     | Bought a +0 cloak of preservation for 195 gold pieces
 16364 | D:11     | Found Kosa's Armour Boutique.
 16368 | D:11     | Noticed a white ugly thing
 16373 | D:11     | Noticed Erica
 16375 | D:11     | Noticed a two-headed ogre
 16376 | D:11     | Killed a white ugly thing
 16377 | D:11     | Reached skill level 14 in Spellcasting
 16380 | D:11     | Slain by a two-headed ogre

Illustrated notes

Levels and vault maps discovered:
D:1:      minmay_arrival_stone_box, layout_loops_ring, fountainhead,
          minmay_misc_feat_square, minmay_door_square, minmay_small_reverse_x
D:2:      layout_loops_cross, serial_shops, nicolae_shop_waterfront,
          ebering_ecumenical_altar_box, serial_bayou_ford_a, minivault_23,
          minmay_misc_feat_cross, due_unseen_surprise, uniq_natasha
D:3:      layout_basic, uniq_ijyb, uniq_grinder
D:4:      layout_basic, chequers_temple_overflow_statue_of_worship,
          mainiacjoe_overflow_concentric_impassable,
          minmay_temple_entry_nine_rooms
D:5:      layout_cave_pods, lightli_corner_chamber, uniq_pikel
D:6:      layout_rooms, gammafunk_ghost_smash, uniq_crazy_yiuf_cottage,
          uniq_menkaure
D:7:      due_chaos_kobolds, layout_layer_cave,
          nicolae_gozag_cash_rules_everything_around_me, serial_bayou_crossing
D:8:      layout_loops_ring, lair_entry_dummy, nicolae_looking_at_the_future
D:9:      layout_layer_cave, erik_orc_2
D:10:     layout_basic
D:11:     layout_irregular_city, serial_shops, shop, shop_fountains, shop,
          nicolae_shop_window_shopping, shop, nicolae_danse_macabre, uniq_erica
Temple:   minmay_crystal_spiral_temple

Skill      XL: |  1  2  3  4  5  6  7  8  9 10 11 |
---------------+----------------------------------+-----
Conjurations   | 5 6 7 8 9 10 12 | 12.7
Spellcasting   | 4 5 6 7 9 11 13 14 | 14.0
Translocations | 1 2 3 4 5 |  5.7
Hexes          | 2 4 6 |  6.0
Earth Magic    | 2 4 5 |  5.3
Dodging        | |  2.4
Stealth        | |  2.4

Action                   |  1- 3 |  4- 6 |  7- 9 | 10-12 || total
-------------------------+-------+-------+-------+-------++-------
Melee: Unarmed           |       |     1 |       |       ||     1
 Cast: Magic Dart        |    94 |    93 |   274 |   175 ||   636
       Searing Ray       |     1 |     9 |    13 |    13 ||    36
       Iskenderun's Myst |       |     1 |    16 |    15 ||    32
       Fulminant Prism   |       |       |     2 |     7 ||     9
       Stone Arrow       |       |       |       |    24 ||    24
       Iskenderun's Batt |       |       |       |     3 ||     3
       Iron Shot         |       |       |       |     2 ||     2
Evoke: Wand              |       |       |     1 |       ||     1
  Use: Potion            |       |     3 |     1 |     3 ||     7
       Scroll            |       |     2 |     2 |     2 ||     6
Armor: Robe              |     3 |       |    28 |    19 ||    50
Dodge: Dodged            |     6 |    17 |    71 |    40 ||   134
Block: Other             |     3 |     9 |    25 |    14 ||    51
       Reflection        |     1 |     1 |     1 |     1 ||     4

Table legend: (Time is in decaauts)
 A = Elapsed time spent in this place.
 B = Non-inter-level travel time spent in this place.
 C = Inter-level travel time spent in this place.
 D = Time resting spent in this place.
 E = Time spent auto-exploring this place.
 F = Levels seen in this place.
 G = Mean time per level.
                   A        B        C        D        E       F      G
               +--------+--------+--------+--------+--------+-----+--------+
         Total |  16400 |  15930 |    470 |   5776 |   8645 |  12 | 1366.7 |
       Dungeon |  16186 |  15800 |    386 |   5776 |   8533 |  11 | 1471.5 |
        Temple |    214 |    130 |     84 |      0 |    112 |   1 |  214.0 |
               +--------+--------+--------+--------+--------+-----+--------+

Top non-repeatable levels by time:
     D:8: 2548 daAuts
     D:7: 2119 daAuts
     D:2: 2009 daAuts
     D:9: 2004 daAuts
     D:5: 1940 daAuts
     D:1: 1527 daAuts
     D:6: 1118 daAuts
     D:4: 1054 daAuts
    D:10: 922 daAuts
     D:3: 861 daAuts
  Temple: 214 daAuts
    D:11: 78 daAuts
